Map: 2000 Atmospheres LE

Players

PureLegacy

  • Race: Terran Terran

PattyMac - Winner!

  • Race: Protoss Protoss

Event: DreamHack SC2 Masters 2021 Winter

VOD

Have the link to the VOD?

Description

Time

  • Played on: Oct. 5, 2021, 6:06 p.m.
  • Length: 10:52

All games in this series

Show
View Real Time Build Order
Export as new Build Order

PureLegacy Terran 

Build Orders: Reaper Expand 

Get SALT Encoding   

  12  0:00  SCV  
  13  0:12  SCV  
  14  0:17  Supply Depot  
  14  0:24  SCV  
  15  0:38  SCV  
  15  0:40  Barracks  
  16  0:43  Refinery  
  16  0:50  SCV  
  17  1:02  SCV  
  18  1:15  SCV  
  19  1:28  Reaper  
  19  1:29  Orbital Command  
  20  1:43  Command Center  
  20  1:51  Supply Depot  
  20  1:55  SCV  
  20  2:00  Marine  
  22  2:07  SCV  
  23  2:11  Factory  
  23  2:18  Bunker  
  23  2:22  Barracks Reactor  
  23  2:25  SCV  
  23  2:37  SCV  
  23  2:38  Refinery  
  24  2:49  SCV  
  25  2:55  Hellion  
  28  2:59  Marine x2  
  28  3:00  Orbital Command  
  28  3:02  SCV  
  28  3:03  Starport  
  30  3:14  SCV  
  30  3:17  Hellion  
  30  3:18  Marine x2  
  35  3:28  SCV x2  
  37  3:38  Hellion  
  37  3:40  SCV x2  
  37  3:41  Medivac  
  43  3:45  Supply Depot  
  43  3:52  SCV x2  
  45  3:59  Factory Tech Lab  
  45  4:01  Marine  
  46  4:07  SCV x2, Marine  
  46  4:08  Supply Depot  
  49  4:11  Starport Tech Lab  
  49  4:19  SCV x2, Siege Tank  
  54  4:24  Engineering Bay  
  54  4:30  Raven  
  58  4:31  SCV x2  
  58  4:33  Marine x2  
  58  4:36  Supply Depot  
  60  4:43  SCV  
  59  4:49  SCV  
  59  4:52  Marine x2  
  56  4:53  Barracks  
  56  4:54  Barracks  
  56  4:55  SCV  
  56  4:56  Refinery  
  57  5:00  Supply Depot  
  57  5:01  Siege Tank  
  57  5:04  SCV  
  57  5:06  Refinery  
  61  5:08  SCV  
  61  5:10  Marine x2  
  64  5:17  Terran Infantry Weapons Level 1  
  64  5:18  SCV  
  65  5:22  SCV  
  65  5:28  Marine x2  
  66  5:32  SCV  
  66  5:35  SCV  
  66  5:44  SCV, Factory Reactor, Starport Reactor  
  66  5:45  Supply Depot, Marine  
  66  5:46  Stimpack, Marine  
  69  5:50  SCV  
  69  5:52  Supply Depot  
  69  5:54  Combat Shield  
  69  5:55  Marauder x2  
  74  5:59  SCV, Command Center  
  74  6:02  SCV  
  76  6:05  Marine x2  
  78  6:11  Supply Depot  
  78  6:17  Marauder x2, Barracks  
  82  6:18  Barracks  
  82  6:24  Marine x2  
  83  6:27  SCV x2  
  83  6:28  Widow Mine x2  
  83  6:30  Medivac x2  
  93  6:34  Supply Depot  
  92  6:41  Marauder x2  
  92  6:44  Marine x2  
  98  6:54  Barracks x2  
  98  6:57  Supply Depot  
  98  6:58  SCV x2  
  99  7:06  Medivac x2  
  101  7:09  Marauder x2  
  101  7:12  Barracks Reactor, Barracks Tech Lab  
  101  7:13  Concussive Shells  
  101  7:14  SCV x2  
  107  7:23  Marine x2  
  107  7:28  SCV x2  
  111  7:30  Marauder x2, Supply Depot  
  111  7:33  Terran Infantry Armor Level 1  
  111  7:34  Marauder  
  117  7:40  SCV  
  117  7:41  Marine  
  117  7:42  Marine, Orbital Command  
  108  7:51  Marauder  
  108  7:52  Marine x4  
  108  7:53  SCV x2  
  116  8:03  Marauder x2, Marine  
  116  8:04  Supply Depot  
  120  8:07  Medivac x2  
  124  8:14  Marauder, Marine x2  
  124  8:15  Marine x3  
  124  8:17  Bunker  
  131  8:32  Marauder x2  
  131  8:33  Armory  
  134  8:35  Engineering Bay  
  134  8:36  Marauder  
  134  8:53  Marauder, Marine x3  
  134  8:54  Marauder, Marine  
  118  8:56  Medivac x2  
  118  8:57  Marauder  
  118  8:58  Supply Depot  
  118  9:00  Missile Turret x2, Refinery  
  118  9:01  Missile Turret  
  122  9:07  Marine x2  
  122  9:08  SCV x3  
  120  9:14  Marauder  
  120  9:15  Marauder  
  124  9:19  Marauder, Ghost Academy, Marine x3  
  124  9:23  Supply Depot  
  127  9:25  Marine  
  127  9:28  Barracks  
  127  9:35  Viking x2  
  127  9:36  Marauder  
  133  9:49  Marauder x2, Marine x3  
  140  9:57  Marauder  
  122  10:01  Marine x2  
  122  10:03  Marine  
  123  10:09  Marine x2  
  123  10:10  Ghost  
  123  10:13  Marine  
  125  10:21  Viking x2  
  121  10:22  Barracks Tech Lab, Marine  
  121  10:23  Marine x2  
  121  10:24  Marauder  
  124  10:32  Marine  
Show
View Real Time Build Order
Export as new Build Order

PattyMac Protoss - Winner!

Build Orders: 1 Gate Expand, Blink Stalkers, Colossus Rush 

Get SALT Encoding   

  12  0:00  Probe  
  13  0:12  Probe  
  14  0:17  Pylon  
  14  0:24  Probe (Chrono Boost)  
  16  0:36  Gateway  
  16  0:37  Probe (Chrono Boost)  
  16  0:42  Probe (Chrono Boost)  
  16  0:46  Assimilator  
  17  0:51  Probe  
  18  1:03  Probe  
  19  1:15  Probe  
  20  1:25  Cybernetics Core  
  20  1:32  Nexus  
  20  1:37  Probe  
  21  1:42  Pylon  
  21  1:49  Probe  
  21  1:51  Assimilator  
  22  1:58  Adept (Chrono Boost)  
  24  2:01  Probe  
  25  2:11  Warp Gate  
  25  2:13  Probe  
  26  2:19  Stalker (Chrono Boost)  
  28  2:25  Probe  
  29  2:38  Twilight Council  
  29  2:40  Probe (Chrono Boost)  
  30  2:45  Probe (Chrono Boost)  
  30  2:49  Gateway  
  32  2:54  Probe x2 (Chrono Boost)  
  33  2:59  Probe  
  33  3:02  Stalker, Probe  
  37  3:09  Blink (Chrono Boost)  
  37  3:11  Probe  
  38  3:14  Probe  
  39  3:23  Assimilator, Probe  
  39  3:26  Probe  
  41  3:31  Robotics Facility  
  41  3:36  Probe  
  41  3:38  Probe  
  43  3:42  Pylon  
  43  3:48  Probe  
  44  3:51  Probe  
  45  3:56  Nexus  
  45  4:01  Sentry, Pylon  
  47  4:03  Probe  
  47  4:05  Probe  
  47  4:09  Stalker  
  51  4:12  Phoenix  
  51  4:15  Probe  
  52  4:19  Observer, Assimilator, Probe  
  52  4:20  Pylon  
  54  4:25  Stalker  
  54  4:27  Probe  
  57  4:33  Stalker  
  57  4:34  Probe  
  60  4:39  Probe  
  60  4:40  Observer  
  59  4:48  Probe  
  59  4:50  Stalker  
  59  4:51  Probe  
  62  5:01  Probe (Chrono Boost), Shield Battery  
  62  5:04  Pylon  
  64  5:07  Probe (Chrono Boost)  
  64  5:08  Probe (Chrono Boost)  
  64  5:09  Observer  
  64  5:11  Robotics Bay  
  64  5:12  Forge  
  67  5:16  Probe (Chrono Boost)  
  67  5:19  Probe (Chrono Boost)  
  67  5:20  Probe (Chrono Boost), Charge  
  69  5:24  Probe (Chrono Boost)  
  69  5:27  Probe (Chrono Boost)  
  71  5:31  Probe (Chrono Boost)  
  71  5:33  Probe (Chrono Boost)  
  71  5:34  Observer  
  69  5:42  Protoss Ground Weapons Level 1 (Chrono Boost)  
  69  5:43  Probe x2  
  69  5:47  Gateway  
  69  5:49  Gateway, Colossus (Chrono Boost)  
  71  5:51  Gateway  
  71  5:52  Gateway  
  77  6:04  Zealot  
  77  6:06  Zealot  
  77  6:09  Extended Thermal Lance  
  77  6:10  Shield Battery  
  81  6:11  Pylon  
  81  6:14  Probe  
  82  6:19  Gateway x2  
  82  6:23  Pylon  
  82  6:28  Probe x3  
  82  6:32  Zealot x2  
  89  6:34  Colossus  
  89  6:38  Pylon  
  95  6:40  Probe  
  95  6:42  Zealot  
  95  6:46  Templar Archives  
  98  6:47  Zealot x2  
  98  6:53  Photon Cannon  
  102  6:56  Probe x3  
  102  6:57  Assimilator  
  102  7:01  Assimilator  
  105  7:08  Zealot x4, Probe  
  114  7:19  Zealot  
  114  7:20  Forge  
  114  7:22  Pylon  
  116  7:43  Zealot x4  
  122  7:52  Protoss Ground Armor Level 1, Protoss Ground Weapons Level 2  
  122  7:56  Pylon  
  122  7:58  Nexus  
  122  8:00  Pylon  
  122  8:09  Pylon  
  120  8:13  Dark Shrine  
  120  8:14  Colossus (Chrono Boost), Pylon  
  120  8:15  Robotics Facility  
  126  8:21  Stalker x2  
  126  8:22  Stalker x4  
  134  8:36  Zealot x2  
  132  8:51  Zealot x4  
  114  8:56  Zealot x2  
  114  8:57  Zealot x2  
  114  9:00  Probe x3  
  121  9:05  Warp Prism (Chrono Boost)  
  121  9:08  Observer  
  121  9:10  Observer  
  121  9:11  Stalker x2  
  121  9:12  Probe  
  121  9:13  Warp Prism (Chrono Boost)  
  126  9:17  High Templar  
  126  9:18  High Templar x3  
  126  9:21  Probe, Shield Battery  
  126  9:22  Photon Cannon  
  126  9:23  Archon  
  135  9:24  Archon, High Templar x2  
  137  9:39  Disruptor (Chrono Boost)  
  137  9:41  Archon, Disruptor (Chrono Boost)  
  137  9:42  Zealot x2  
  137  9:45  Shield Battery  
  147  9:46  Pylon  
  147  9:47  Photon Cannon  
  147  9:56  Stalker x2  
  147  9:58  Zealot x2  
  155  10:06  Probe  
  155  10:07  Probe x2  
  153  10:12  Disruptor (Chrono Boost)  
  157  10:17  Dark Templar x2  
  149  10:22  Dark Templar  
  149  10:24  Zealot x2  

Tags
 
Add a new tag
Caveats
  • Supply blocks, unpowered buildings, or Contaminate may cause inaccurate times.
  • Supply counts are checked every 10 seconds.